 Dungeon Crawl Stone Soup version 0.23.2-33-g5129a83184 (webtiles) character file.

Game seed: 585885347820433818

112 dembora the Charmwright (level 4, 0/34 HPs)
             Began as a Merfolk Skald on June 27, 2019.
             Slain by a goblin
             ... wielding a cursed +0 whip
             ... led by Robin
              (3 damage)
             ... on level 2 of the Dungeon.
             The game lasted 00:09:10 (1271 turns).

dembora the Charmwright (Merfolk Skald)             Turns: 1271, Time: 00:09:12

Health: 0/34       AC:  4    Str: 11    XL:     4   Next: 95%
Magic:  6/7        EV: 13    Int: 12    God:
Gold:   84         SH:  0    Dex: 14    Spells: 6/7 levels left

rFire    . . .     SeeInvis .   l - +1 flail (pain)
rCold    . . .     Gourm    .   (no shield)
rNeg     . . .     Faith    .   b - +1 leather armour
rPois    .         Spirit   .   (no helmet)
rElec    .         Reflect  .   (no cloak)
rCorr    .         Harm     .   (no gloves)
MR       .....                  (no boots)
Stlth    +.........             (no amulet)
HPRegen  0.11/turn              (no ring)
MPRegen  0.10/turn              (no ring)

@: very slightly contaminated
A: change form in water, swift swim, stealthy swim
a: no special abilities


You were on level 2 of the Dungeon.
You were hungry.

You visited 1 branch of the dungeon, and saw 2 of its levels.

You collected 84 gold pieces.

Inventory:

Hand Weapons
 a - a +0 falchion
 l - a +1 flail of pain (weapon)
Armour
 b - a +1 leather armour (worn)
Wands
 m - a wand of polymorph (5)
Scrolls
 g - 5 scrolls of identify {unknown}
Comestibles
 d - 4 rations
 h - 3 chunks of flesh


   Skills:
 + Level 2.5 Fighting
 + Level 3.2 Long Blades
 + Level 1.6 Armour
 + Level 3.6 Dodging
 + Level 2.3 Spellcasting
 + Level 3.8 Charms


You had 6 spell levels left.
You knew the following spells:

 Your Spells              Type           Power        Failure   Level  Hunger
a - Infusion              Chrm           ##..         7%          1    ##.....

Your spell library contained the following spells:

 Spells                   Type           Power        Failure   Level  Hunger
 Song of Slaying          Chrm           ##......     11%         2    ###....
 Shroud of Golubria       Chrm/Tloc      #.........   24%         2    ###....
 Regeneration             Chrm/Necr      #.........   43%         3    ####...
 Spectral Weapon          Hex/Chrm       #.......     43%         3    ####...


Dungeon Overview and Level Annotations

Branches:
Dungeon (2/15)

Altars:

Annotations:
D:2 Robin


Message History

Press: ? - help, Shift-Dir - straight line, f - goblin
Aim: a goblin (chance to defeat MR: 63%)
The goblin evaporates and reforms as a giant cockroach!
The giant cockroach bites you but does no damage.
Robin roars a battlecry!
You hear a shout! x2
A goblin comes into view. It is wielding a +0 dagger.
The goblin shouts!
The goblin hits you but does no damage. The goblin hits you with a +0 club.
* * * LOW HITPOINT WARNING * * *
The goblin hits you but does no damage.
You closely miss the goblin.
You are no longer magically infusing your attacks.
The goblin hits you with a cursed +0 whip.
* * * LOW HITPOINT WARNING * * *
The goblin barely misses you. The goblin closely misses you.
Robin says, "We wiped out the hill dwarves - you're next!"
The goblin hits you with a cursed +0 whip.
You die...

##.......#### ..
#...รท.......# #...
............##########.....
.#.###.#..g..)ggg..g...#
.#.# #.#.....######g## ##.#
#.##....# ###g# ##.#
#.##....# ##sg.# #.#
#.......?.#gg##..# #..
..#.......g@## ....# #..
#.#.......### ...##
#.......# .### .... .# #
... ## # .. # . ..# ..#


You could see Robin, a gnoll, a giant cockroach, a hobgoblin and 3 goblins.

Vanquished Creatures
  Terence (D:2)
  4 gnolls
  A worm (D:2)
  3 dart slugs (D:1)
  A leopard gecko (D:1)
  A ball python (D:1)
  4 bats (D:1)
  A giant cockroach (D:1)
  8 goblins
  2 hobgoblins
  6 jackals (D:1)
  A frilled lizard (D:1)
  A kobold (D:1)
  5 rats
39 creatures vanquished.

Notes
Turn   | Place    | Note
-------+----------+-------------------------------------------
     0 | D:1      | dembora the Merfolk Skald began the quest for the Orb.
     0 | D:1      | Reached XP level 1. HP: 16/16 MP: 3/3
   146 | D:1      | Reached XP level 2. HP: 8/22 MP: 1/5
   604 | D:1      | Reached XP level 3. HP: 22/27 MP: 6/6
   926 | D:1      | Reached skill level 1 in Armour
  1090 | D:2      | Noticed Terence
  1109 | D:2      | Killed Terence
  1109 | D:2      | Reached XP level 4. HP: 27/33 MP: 3/7
  1203 | D:2      | Noticed Robin
  1271 | D:2      | Slain by a goblin

Skill      XL: |  1  2  3 |
---------------+----------+-----
Dodging        | 3 |  3.6
Long Blades    | 3 |  3.2
Armour         | 1 |  1.6
Fighting       | |  2.5
Spellcasting   | |  2.3
Charms         | |  3.8

Action                   |  1- 3 |  4- 6 || total
-------------------------+-------+-------++-------
Melee: Falchion          |    80 |       ||    80
       Unarmed           |    12 |     4 ||    16
       Flail             |     2 |    34 ||    36
 Cast: Infusion          |     4 |     4 ||     8
Evoke: Wand              |       |     1 ||     1
  Use: Scroll            |       |     6 ||     6
       Potion            |       |     1 ||     1
  Eat: Chunk             |     1 |       ||     1
Armor: Leather armour    |    46 |     7 ||    53
       Skin              |     2 |       ||     2
Dodge: Dodged            |   109 |    43 ||   152
       Rpst.: Falchion   |    31 |       ||    31
